 Dungeon Crawl Stone Soup version 0.29.1-1-gd02db6906a (webtiles) character file.

Game seed: 11167638673519142057

346 experimilk the Cudgeller (level 6, -4/50 HPs)
             Began as a Palentonga Abyssal Knight on Oct 1, 2022.
             Was a Priest of Lugonu.
             Slain by a bullfrog (6 damage)
             ... in a sewer.
             The game lasted 00:11:50 (4701 turns).

experimilk the Cudgeller (PaAK)                     Turns: 4701, Time: 00:11:52

Health: -4/50      AC:  6    Str: 20    XL:     6   Next: 32%
Magic:  7/8        EV:  7    Int: 11    God:    Lugonu [***...]
Gold:   174        SH:  3    Dex: 10    Spells: 5/5 levels left

rFire   . . .      SeeInvis +   a - +1 mace
rCold   . . .      Faith    .   q - +0 buckler
rNeg    + . .      Spirit   .   w - +0 scale mail
rPois   .          Reflect  .   t - +0 hat
rElec   .          Harm     .   (no cloak)
rCorr   .          Rampage  .   (no gloves)
Will    .....                   (no barding)
Stlth   ..........              (no amulet)
HPRegen 0.16/turn               e - ring of positive energy
MPRegen 0.11/turn               (no ring)

@: about to teleport, studying Summonings, very slow
A: large, rugged brown scales 3, see invisible, deformed body, roll 1, armoured
tail
a: Rolling Charge, Renounce Religion, Depart the Abyss, Bend Space, Banish


You were in a sewer.
You worshipped Lugonu.
Lugonu was most pleased with you.
You visited 1 branch of the dungeon, and saw 4 of its levels.
You visited the Abyss 1 time.
You also visited: Sewer.

You collected 174 gold pieces.

Inventory:

Hand Weapons
 a - a +1 mace (weapon)
Missiles
 j - a throwing net
Armour
 q - a +0 buckler (worn)
 t - a +0 hat (worn)
 w - a +0 scale mail (worn)
Jewellery
 e - a ring of positive energy (left hand)
 n - a +6 ring of dexterity
Wands
 o - a wand of roots (10)
Scrolls
 c - a scroll of enchant armour {unknown}
 f - a scroll of magic mapping
 i - 3 scrolls of teleportation
 m - a scroll of acquirement {unknown}
 p - a scroll of enchant weapon {unknown}
Potions
 d - 2 potions of ambrosia
 g - a potion of resistance {unknown}
 h - 3 potions of might
 k - 2 potions of mutation {unknown}
 l - a potion of brilliance {unknown}
 r - a potion of cancellation {unknown}
 s - a potion of magic {unknown}
 u - a potion of curing {unknown}
 v - 2 potions of attraction


   Skills:
 - Level 3.0 Fighting
 * Level 5.7 Maces & Flails
 - Level 1.5 Armour
 - Level 0.7 Dodging
 - Level 0.1 Summonings
 + Level 3.7 Invocations
 + Level 1.4 Evocations


You had 5 spell levels left.
You didn't know any spells.
Your spell library contained the following spells:

 Spells                   Type           Power      Damage    Failure   Level
 Gell's Gravitas          Tloc           0%         N/A       99%         3
 Lesser Beckoning         Tloc           0%         N/A       99%         3
 Teleport Other           Tloc           0%         N/A       99%         3


Dungeon Overview and Level Annotations

Branches:
Dungeon (4/15)              Sewer (1/1)
 Temple: D:4-7

Altars:
Okawaru


Innate Abilities, Weirdness & Mutations

You are completely covered in rugged brown scales. (AC +3, +7% HP)
You have supernaturally acute eyesight. (SInv)
Armour fits poorly on your strangely shaped body.
You can roll at nearby foes to attack.
You have a long armoured tail.


Message History

The bullfrog hits you but does no damage.
You closely miss the bullfrog.
The bullfrog is severely wounded.
The bullfrog hits you.
You miss the bullfrog.
The bullfrog gives a loud, deep croak!
Your tail-slap misses the bullfrog.
The bullfrog is severely wounded.
The bullfrog hits you. x2
You hit the bullfrog but do no damage.
Your tail-slap misses the bullfrog.
The bullfrog is severely wounded.
The bullfrog hits you but does no damage.
The bullfrog hits you. The bullfrog barely misses you.
Activating: Bend Space (2% risk of failure)
Press: ? - help, Q - select action, (/) - cycle Dir - look around, f - activate Space bends violently around you!
You blink.
Splash!
There are monsters nearby!
You enter the shallow water.
Moving in this stuff is going to be slow.
The bullfrog closely misses you. The bullfrog attacks as you move away!
The bullfrog hits you.
* * * LOW HITPOINT WARNING * * *
The bullfrog closely misses you. The bullfrog barely misses you.
The bullfrog hits you.
* * * LOW HITPOINT WARNING * * *
As you read the scroll of teleportation, it crumbles to dust.
You feel strangely unstable.
The bullfrog hits you but does no damage.
The bullfrog hits you.
* * * LOW HITPOINT WARNING * * *
The bullfrog hits you but does no damage. x2
The bullfrog attacks as you move away!
The bullfrog hits you but does no damage.
The bullfrog attacks as you move away! The bullfrog hits you.
* * * LOW HITPOINT WARNING * * *
The bullfrog hits you.
* * * LOW HITPOINT WARNING * * *
The bullfrog hits you.
You die...

#.# ≈≈≈≈~.~~~~≈~≈
#~# #≈≈~....~~≈~≈
#~# #≈~∩.~.≈~~≈≈~
#~# #≈≈~~.≈≈~≈≈≈~
#~# #≈~≈≈≈~≈≈≈≈~
#~# #≈≈≈≈~≈≈≈≈≈~
#~# #≈≈~≈≈≈≈≈≈.
#~########≈≈†≈~~~~.
#~@F~.~≈≈≈≈≈~†~~..~
#~~F≈~≈≈≈≈≈~~~~~~~~
#.~≈≈≈≈≈≈≈≈≈≈≈≈≈≈≈≈
#.~~~~~~~~~~~~~~~~~
#.......~~~~.~.~~..
###################


You could see 2 bullfrogs.

Vanquished Creatures
  A bullfrog (D:4)
  Terence (D:3)
  Ijyb (D:3)
  An orc wizard (D:4)
  9 adders
  3 gnolls (D:3)
  2 worms
  3 dart slugs
  4 orcs
  7 bats
  4 endoplasms (D:1)
  7 giant cockroaches
  6 goblins
  7 hobgoblins
  4 jackals
  5 quokkas
  5 ball pythons
  8 frilled lizards
  6 kobolds
  4 rats
88 creatures vanquished.

Notes
Turn   | Place    | Note
-------+----------+-------------------------------------------
     0 | Abyss:1  | experimilk the Palentonga Abyssal Knight began the quest
                  | for the Orb.
     0 | Abyss:1  | Reached XP level 1. HP: 19/19 MP: 2/2
     1 | D:1      | Escaped the Abyss
   178 | D:1      | Found a faded altar of an unknown god.
   182 | D:1      | Reached XP level 2. HP: 23/25 MP: 3/3
   281 | D:1      | Reached skill level 3 in Maces & Flails
  1264 | D:1      | Reached XP level 3. HP: 9/31 MP: 4/4
  2082 | D:2      | Reached *** piety under Lugonu
  2346 | D:2      | Reached skill level 4 in Maces & Flails
  2381 | D:2      | Found an iron altar of Okawaru.
  2703 | D:3      | Found an iron altar of Okawaru.
  2717 | D:3      | Noticed Ijyb
  3077 | D:3      | Killed Ijyb
  3078 | D:3      | Reached XP level 4. HP: 31/37 MP: 3/5
  3369 | D:3      | Reached XP level 5. HP: 43/43 MP: 7/7
  3654 | D:3      | Noticed Terence
  3662 | D:3      | Killed Terence
  3663 | D:3      | Reached skill level 5 in Maces & Flails
  3804 | D:4      | Reached skill level 1 in Evocations
  3928 | D:4      | Reached XP level 6. HP: 32/50 MP: 8/8
  3947 | D:4      | Found a glowing drain.
  3993 | Sewer    | Entered a sewer
  4701 | Sewer    | HP: 2/50 [bullfrog (3)]
  4701 | Sewer    | Slain by a bullfrog

Illustrated notes

Levels and vault maps discovered:
D:1:      dpeg_arrival_concentric_ovals, layout_basic, basic_ecumenical_altar,
          serial_glass, glass_columns_a, glass_columns_b,
          minmay_strange_pillars, item_on_display_a, minmay_strange_pillars,
          kennysheep_small_spiral, minmay_pentomino_v4
D:2:      layout_basic, basic_altar
D:3:      layout_rooms, lemuel_crystal_altar, uniq_ijyb, uniq_terence
D:4:      layout_basic, mainiacjoe_overflow_tiny_flanked, gup_sewer_entry_bowl
Sewer:    sewer_frog_island_01

Skill      XL: |  1  2  3  4  5 |
---------------+----------------+-----
Maces & Flails | 3 4 5 |  5.7
Invocations    | 3 |  3.7
Evocations     | 1 |  1.4
Fighting       | |  3.0
Armour         | |  1.5
Dodging        | |  0.7
Summonings     | |  0.1

Action                   |  1- 3 |  4- 6 || total
-------------------------+-------+-------++-------
Melee: Mace              |   121 |   119 ||   240
       Tailslap          |    15 |    14 ||    29
Invok: Bend Space        |     3 |     7 ||    10
 Abil: Rolling Charge    |    36 |    26 ||    62
Evoke: Wand              |       |     1 ||     1
  Use: Scroll            |     3 |     3 ||     6
Armor: Leather armour    |    43 |     6 ||    49
       Scale mail        |       |    47 ||    47
Dodge: Dodged            |    45 |    48 ||    93
Block: Buckler           |     1 |    19 ||    20
